Unix NetHack Version 5.0.0-0 post-release - last build Jun 10 2026 00:39:30 (3ee93aec679c4c4259841fe613dc97188e26a321,branch:main).

Game began 2026-06-25 20:30:13, ended 2026-06-25 20:42:18.

Atrocia, lawful male human Samurai

                           .?G.
                            -..
                           .G..

Atrocia the Ronin      St:16 Dx:15 Co:18 In:10 Wi:8 Ch:8  Lawful
Dlvl:6  $:41 HP:0(57) Pw:23(23) AC:0  Xp:5 T:1188  Burdened

Latest messages:
 You miss the gnomish wizard.
 The gnome lord thrusts one of his daggers.
 The gnome lord misses!
 You miss the gnomish wizard.
 The gnomish wizard points all around, then curses.
 The gnome lord thrusts one of his daggers.
 The gnome lord hits!
 You miss the gnomish wizard.
 The gnomish wizard points at you, then curses.
 The gnome lord thrusts one of his daggers.
 The gnome lord misses!
 You miss the gnomish wizard.
 The gnomish wizard points at you, then curses.
 The gnome lord thrusts one of his daggers.
 The gnome lord hits!
 You miss the gnomish wizard.
 The gnomish wizard points at you, then curses.
 The gnome lord thrusts one of his daggers.
 The gnome lord misses!
 You miss the gnomish wizard.
 You miss the gnomish wizard.
 The gnomish wizard casts a spell!
 The gnomish wizard is suddenly moving faster.
 The gnome lord thrusts one of his daggers.
 The gnome lord hits!
 The gnomish wizard points all around, then curses.
 You hear a horn being played nearby.
 The bolt of fire whizzes by you!
 You can't go up here.
 You miss the gnome.
 Hachi bites the gnome.
 The gnome misses Hachi.
 The gnomish wizard points all around, then curses.
 The gnome lord thrusts one of his daggers.
 The gnome lord hits!
 Hachi misses the gnome.
 The gnomish wizard points at you, then curses.
 You kill the gnome!
 Hachi eats a gnome corpse.
 The gnomish wizard points all around, then curses.
 The gnome lord thrusts one of his daggers.
 The gnome lord misses!
 You swap places with Hachi.
 The gnome lord thrusts one of his daggers.
 The gnome lord hits!
 You hear a horn being played nearby.
 Hachi is killed by the bolt of fire!
 The bolt of fire hits you!
 You die...
 Do you want your possessions identified? [ynq] (y) q

Inventory:
 Coins    ('$')
  $ - 41 gold pieces
 Weapons  (')')
  m - 9 +0 arrows
  s - 8 cursed -1 arrows
  u - 6 +0 crossbow bolts
  d - 39 +0 ya (in quiver)
  n - a +0 bow
  t - a +0 bow
  v - a +0 crossbow
  c - a +0 yumi
  p - 7 +0 daggers
  H - a +0 dwarvish mattock
  a - a +0 katana (weapon in right hand)
  b - a +0 wakizashi (alternate weapon; not wielded)
 Armor    ('[')
  F - an uncursed +0 dwarvish iron helm (being worn)
  l - an uncursed +0 helm of brilliance
  A - an uncursed +0 pair of iron shoes (being worn)
  C - an uncursed +0 pair of iron shoes
  x - an uncursed +0 dwarvish cloak (being worn)
  G - an uncursed +0 dwarvish cloak
  B - a cursed +0 dwarvish cloak
  D - a cursed +0 dwarvish cloak
  e - an uncursed rustproof +0 splint mail (being worn)
 Comestibles  ('%')
  q - an uncursed slime mold
  g - an uncursed cram ration
  j - 4 uncursed gunyoki
 Scrolls  ('?')
  r - an uncursed scroll of earth
  y - a cursed scroll of enchant weapon
  f - an uncursed scroll of light
  k - an uncursed scroll of magic mapping
  I - an uncursed scroll of scare monster
 Wands    ('/')
  i - a wand of stasis (0:4)
 Tools    ('(')
  h - a magic marker (0:35)
  o - an uncursed magic whistle
  E - a +0 pick-axe
  w - an uncursed tin whistle
 Gems/Stones  ('*')
  z - an uncursed worthless piece of yellow glass

Atrocia the Samurai's attributes:

Background:
 You were a Ronin, a level 5 male human Samurai.
 You were lawful, nominally on a mission for Amaterasu Omikami
 who was opposed by Raijin (neutral) and Susanowo (chaotic).
 You were right-handed.
 You were in the Gnomish Mines, on level 6.
 You entered the dungeon 1188 turns ago.
 You had 217 experience points, 103 more were needed to attain level 6.

Basics:
 You had 0 out of 57 hit points.
 You had all 23 energy points (spell power).
 Your armor class was 0.
 Your wallet contained 41 zorkmids.
 Autopickup was on for '$"?+!=/' plus thrown.

Final Characteristics:
 Your strength was 16 (limit:18/100).
 Your dexterity was 15 (limit:18).
 Your constitution was 18 (limit:18).
 Your intelligence was 10 (limit:18).
 Your wisdom was 8 (limit:18).
 Your charisma was 8 (limit:18).

Final Status:
 You weren't hungry.
 You were burdened; movement was slightly slowed.
 You were wielding a long sword.
 You had basic skill with long sword.

Final Attributes:
 You were devoutly aligned.
 Your items were somewhat protected from fire.
 Your items were somewhat protected from cold.
 You were warded.
 You were fast.
 You are dead.

Miscellaneous:
 You didn't encounter any bones levels.
 Total elapsed playing time was 12 minutes and 3 seconds.

Major events:
 Turn
    1: Atrocia the lawful male human Samurai entered the dungeon
  562: entered the Gnomish Mines
  573: attained the rank of Ronin (level 3)
 1188: killed by a bolt of fire played by a gnome

You didn't know any spells.

Skills:
 Fighting Skills
   martial arts      [Basic]
   two weapon combat [Unskilled]
   riding            [Unskilled]
 Weapon Skills
   dagger            [Unskilled]
   knife             [Unskilled]
   short sword       [Basic]
   broadsword        [Unskilled]
   long sword        [Basic]
   two-handed sword  [Unskilled]
   saber             [Unskilled]
   flail             [Unskilled]
   quarterstaff      [Unskilled]
   polearms          [Unskilled]
   spear             [Unskilled]
   lance             [Unskilled]
   bow               [Basic]
   shuriken          [Unskilled]
 Spellcasting Skills
   attack spells     [Unskilled]
   divination spells [Unskilled]
   clerical spells   [Unskilled]

Voluntary challenges:
 Character rerolling was not enabled.
 You were an atheist.
 You never genocided any monsters.
 You never polymorphed an object.
 You never changed form.
 You used no wishes.
Achievements:
 You entered a shop.
 You entered the Gnomish Mines.
 You attained the rank of Ronin.

 The Dungeons of Doom: levels 1 to 4
    Level 1:
    Level 2:
       A wand shop.
    Level 3:
       Stairs down to The Gnomish Mines.
    Level 4:
 The Gnomish Mines: levels 4 to 6
    Level 4:
    Level 5:
    Level 6: <- You were here.
       Final resting place for
          you, killed by a bolt of fire played by a gnome.


Vanquished creatures:
 an orc shaman
  a shrieker
  a gnome leader
  a gnomish wizard
  a little dog
  4 dwarves
  2 hill orcs
 14 gnomes
  a gnome zombie
  2 geckos
  2 jackals
  2 goblins
  a sewer rat
  a grid bug
  5 newts
39 creatures vanquished.

No species were genocided or became extinct.

Game over:
                       ----------
                      /          \
                     /    REST    \
                    /      IN      \
                   /     PEACE      \
                  /                  \
                  |     Atrocia      |
                  |      41 Au       |
                  | killed by a bolt |
                  |  of fire played  |
                  |    by a gnome    |
                  |                  |
                  |       2026       |
                 *|     *  *  *      | *
        _________)/\\_//(\/(/\)/\//\/|_)_______

Sayonara Atrocia the Samurai...

You died in The Gnomish Mines on dungeon level 6 with 1155 points,
and 41 pieces of gold, after 1188 moves.
You were level 5 with a maximum of 57 hit points when you died.

